 Dungeon Crawl Stone Soup version 0.28-a0-932-g843f935a50 (webtiles) character file.

Game seed: 8106940363465150929

50 Alado the Conjurer (level 3, 0/26 HPs)
             Began as a Draconian Conjurer on Nov 27, 2021.
             Killed from afar by Sigmund (4 damage)
             ... with a magic dart
             ... on level 3 of the Dungeon.
             The game lasted 00:12:33 (2671 turns).

Alado the Conjurer (Draconian Conjurer)             Turns: 2671, Time: 00:12:33

Health: 0/26       AC:  5    Str: 10    XL:     3   Next: 55%
Magic:  6/6        EV: 12    Int: 18    God:
Gold:   84         SH:  5    Dex:  9    Spells: 3/6 levels left

rFire   . . .      SeeInvis .   a - +2 hand axe (vorpal)
rCold   . . .      Faith    .   (no shield)
rNeg    . . .      Spirit   .   (armour unavailable)
rPois   .          Reflect  +   (helmet restricted)
rElec   .          Harm     .   (no cloak)
rCorr   .          Rampage  .   (no gloves)
Will    .....                   (no boots)
Stlth   ++........              b - amulet of reflection
HPRegen 0.08/turn               (no ring)
MPRegen 0.10/turn               (no ring)

@: no status effects
A: AC +5, unfitting armour, cold-blooded
a: no special abilities


You were on level 3 of the Dungeon.
You visited 1 branch of the dungeon, and saw 3 of its levels.

You collected 84 gold pieces.

Inventory:

Hand Weapons
 a - a +2 vorpal hand axe (weapon)
 f - a +2 mace of protection
Missiles
 c - 3 poisoned darts
Jewellery
 b - an amulet of reflection (around neck)
 d - a ring of magical power
Scrolls
 e - 2 scrolls of amnesia


   Skills:
 + Level 0.2 Fighting
 + Level 0.7 Throwing
 + Level 2.1 Dodging
 + Level 2.2 Stealth
 + Level 0.1 Shields
 + Level 2.2 Spellcasting
 + Level 4.5 Conjurations


You had 3 spell levels left.
You knew the following spells:

 Your Spells              Type           Power      Damage    Failure   Level
a - Magic Dart            Conj           72%        1d6       2%          1
b - Searing Ray           Conj           36%        2d5       4%          2

Your spell library contained the following spells:

 Spells                   Type           Power      Damage    Failure   Level
 Dazzling Flash           Conj/Hex       20%        N/A       22%         3
 Fulminant Prism          Conj/Hex       5%         3d7       56%         4
 Iskenderun's Mystic Bla  Conj/Tloc      10%        2d4       56%         4


Dungeon Overview and Level Annotations

Branches:
Dungeon (3/15)

Altars:

Shops:
D:2 :(**(

Annotations:
D:3 Sigmund


Innate Abilities, Weirdness & Mutations

Your plain brown scales are hard. (AC +5)
You cannot fit into any form of body armour.
You are cold-blooded and may be slowed by cold attacks.


Message History

Found a runed mace.
An endoplasm comes into view.
Found 12 gold pieces.
The magic dart hits the endoplasm.
The endoplasm is almost dead.
The endoplasm quivers.
The magic dart hits the endoplasm.
You kill the endoplasm!
Found a scroll of amnesia.
You see here a +2 mace of protection.
f - a +2 mace of protection You now have 84 gold pieces (gained 12).
e - 2 scrolls of amnesia (gained 1) Sigmund the Dreaded comes into view.
He is wielding a +0 scythe.
Sigmund shouts!
Sigmund says, "You will soon forget everything."
Sigmund barely misses you.
You hit Sigmund.
Your tail-slap misses Sigmund.
Sigmund is lightly wounded.
Sigmund casts a spell.
Sigmund flickers and vanishes!
Deactivating autopickup; reactivate with Ctrl-A.
You slash something! Something hits you but does no damage.
You miss something. Something hits you.
You miss something. You tail-slap something. Something hits you.
You closely miss something.
Your tail-slap misses something.
You miss something. Something hits you!
You aren't carrying any potions.
Okay, then.
You closely miss something. Something hits you.
* * * LOW HITPOINT WARNING * * *
You hit something. Something hits you but does no damage.
You hit something. Something hits you but does no damage.
You hit something but do no damage. Something hits you.
* * * LOW HITPOINT WARNING * * *
You barely miss something.
Your tail-slap misses something.
You hear some strange, mumbled words.
A magic dart appears from out of thin air!
The magic dart hits you.
You die...

###.......# #.......#
###.......##
...........#
...........##
............########
.###.##............##
.#
#..##............##
.#
##...........@{...#
.# ###........:.....#
## #..............#
#..............#
#..............#
##............##
##..........##
############


There were no monsters in sight!

Vanquished Creatures
  2 dart slugs
  6 orcs (D:3)
  3 endoplasms
  4 giant cockroaches (D:1)
  3 goblins
  2 hobgoblins
  4 kobolds (D:1)
  2 quokkas (D:1)
  4 ball pythons
  3 bats
  A frilled lizard (D:1)
  3 rats
37 creatures vanquished.

Notes
Turn   | Place    | Note
-------+----------+-------------------------------------------
     0 | D:1      | Alado the Draconian Conjurer began the quest for the Orb.
     0 | D:1      | Reached XP level 1. HP: 14/14 MP: 3/3
   241 | D:1      | Found a faded altar of an unknown god.
   475 | D:1      | Reached XP level 2. HP: 20/20 MP: 3/5
   478 | D:1      | Learned a level 2 spell: Searing Ray
  1217 | D:2      | Found Vezxuarph's Weapon Boutique.
  1225 | D:2      | Found Didek's General Store.
  1606 | D:2      | Found Uneckah's General Store.
  2075 | D:2      | Found Ydiduim's Book Shoppe.
  2081 | D:2      | Found Cuisuxam's Weapon Emporium.
  2341 | D:3      | Reached XP level 3. HP: 26/26 MP: 3/6
  2657 | D:3      | Noticed Sigmund
  2671 | D:3      | Killed from afar by Sigmund

Illustrated notes

Levels and vault maps discovered:
D:1:      evilmike_arrival_rings, layout_loops_cross,
          hellmonk_ecumenical_altar_prayer_group, hangedman_decor_push
D:2:      layout_basic, serial_shops, shop, shop_statue, shop, shop,
          nicolae_shop_waterfront, bh_walls_and_bars
D:3:      layout_rooms, serial_shops, shop_fountains, uniq_jessica, uniq_sigmund

Skill      XL: |  1  2 |
---------------+-------+-----
Dodging        | 2 |  2.1
Stealth        | 2 |  2.2
Fighting       | |  0.2
Throwing       | |  0.7
Shields        | |  0.1
Spellcasting   | |  2.2
Conjurations   | |  4.5

Action                   || total
-------------------------++-------
Melee: Unarmed           ||    13
       Short sword       ||     3
       Hand axe          ||    41
       Tailslap          ||     3
Throw: Dart              ||    19
 Cast: Magic Dart        ||    58
       Searing Ray       ||     1
  Use: Potion            ||     2
       Scroll            ||     2
Armor: Skin              ||    22
Dodge: Dodged            ||    41
Block: Other             ||     6

Table legend: (Time is in decaauts)
 A = Elapsed time spent in this place.
 B = Non-inter-level travel time spent in this place.
 C = Inter-level travel time spent in this place.
 D = Time resting spent in this place.
 E = Time spent auto-exploring this place.
 F = Levels seen in this place.
 G = Mean time per level.
                   A        B        C        D        E       F      G
               +--------+--------+--------+--------+--------+-----+--------+
         Total |   2682 |   2642 |     40 |    565 |   1768 |   3 |  894.0 |
       Dungeon |   2682 |   2642 |     40 |    565 |   1768 |   3 |  894.0 |
               +--------+--------+--------+--------+--------+-----+--------+

Top non-repeatable levels by time:
     D:1: 1217 daAuts
     D:2: 1177 daAuts
     D:3: 287 daAuts
